PAA
CASPER GHOSTS @ SPRINGFIELD SHOOTERS
08/24/2034
 
TOP OF THE 1ST
Casper Ghosts batting - Pitching for Springfield Shooters : LHP Georgy Gilyazitdinov
Pitching: LHP Georgy Gilyazitdinov
Batting: RHB Armando Pacheco 0-0: Foul Ball, location: 2F
0-1: Foul Ball, location: 2F
0-2: Foul Ball, location: 2F
0-2: Ball
1-2: Fly out, F2 (Popup, 25F)
Batting: RHB Steve Weber 0-0: Ball
1-0: Ball
2-0: Foul Ball, location: 2F
2-1: Called Strike
2-2: Strikes out swinging
Batting: RHB Jur Prokop 0-0: Fly out, F9 (Flyball, 9)
Top of the 1st over - 0 runs, 0 hits, 0 errors, 0 left on base; Casper 0 - Springfield 0
BOTTOM OF THE 1ST
Springfield Shooters batting - Pitching for Casper Ghosts : RHP Rhys Maskell
Pitching: RHP Rhys Maskell
Batting: LHB Henk van Aardschot 0-0: Ball
1-0: Called Strike
1-1: Swinging Strike
1-2: Foul Ball, location: 2F
1-2: Ball
2-2: Strikes out looking
Batting: RHB Lev Migranov 0-0: Ball
1-0: Ball
2-0: Ball
3-0: Called Strike
3-1: Base on Balls
Batting: LHB Jared Swanson 0-0: SINGLE (Line Drive, 78S)
Lev Migranov to second
Batting: RHB Karl Wade 0-0: Called Strike
0-1: Ball
1-1: Called Strike
1-2: Foul Ball, location: 2F
1-2: Ball
2-2: Foul Ball, location: 2F
2-2: Ball
3-2: Ground out 1-3 (Groundball, P)
Lev Migranov to third
Jared Swanson to second
Batting: RHB Fook Zhào 0-0: Ball
1-0: Foul Ball, location: 2F
1-1: Ground out 5-3 (Groundball, 56S)
Bottom of the 1st over - 0 runs, 1 hit, 0 errors, 2 left on base; Casper 0 - Springfield 0
TOP OF THE 2ND
Casper Ghosts batting - Pitching for Springfield Shooters : LHP Georgy Gilyazitdinov
Batting: RHB Jeff Mouton 0-0: Ball
1-0: Swinging Strike
1-1: Reached on error, E3 (Groundball, 34)
Batting: LHB Marcus Shill 0-0: Called Strike
0-1: Ball
1-1: Called Strike
1-2: Strikes out swinging
Batting: LHB Badry Maksimenov 0-0: Foul Ball, location: 2F
0-1: Ball
1-1: Ball
2-1: Ball
3-1: Base on Balls
Jeff Mouton to second
Batting: RHB Adrijan Markovski 0-0: Called Strike
0-1: Fly out, F9 (Line Drive, 9)
Batting: RHB José Reyes 0-0: Swinging Strike
0-1: Foul Ball, location: 2F
0-2: Foul Ball, location: 2F
0-2: Strikes out looking
Top of the 2nd over - 0 runs, 0 hits, 1 error, 2 left on base; Casper 0 - Springfield 0
BOTTOM OF THE 2ND
Springfield Shooters batting - Pitching for Casper Ghosts : RHP Rhys Maskell
Batting: RHB Sébastien Bernard 0-0: Ball
1-0: Ground out 5-3 (Groundball, 5)
Batting: RHB Mei Kim 0-0: Ball
1-0: Ball
2-0: Ball
3-0: Called Strike
3-1: Ground out 5-3 (Groundball, 56)
Batting: RHB Fletcher Megarity 0-0: Called Strike
0-1: SINGLE (Groundball, 56D)
Batting: RHB Nestor Tantoco 0-0: Called Strike
0-1: Ball
1-1: Ball
2-1: Ball
3-1: Called Strike
3-2: Ground out 4-3 (Groundball, 34)
Bottom of the 2nd over - 0 runs, 1 hit, 0 errors, 1 left on base; Casper 0 - Springfield 0
TOP OF THE 3RD
Casper Ghosts batting - Pitching for Springfield Shooters : LHP Georgy Gilyazitdinov
Batting: RHB Tatsui Kiyomizu 0-0: Ball
1-0: Called Strike
1-1: Ball
2-1: Ball
3-1: Base on Balls
Batting: RHB Armando Pacheco 0-0: Ball
1-0: Foul Ball, location: 2F
1-1: Called Strike
1-2: Grounds into double play, 6-4-3 (Groundball, 6)
Batting: RHB Steve Weber 0-0: Called Strike
0-1: Foul Ball, location: 2F
0-2: Ball
1-2: Ball
2-2: Ball
3-2: Fly out, F8 (Flyball, 78D)
Top of the 3rd over - 0 runs, 0 hits, 0 errors, 0 left on base; Casper 0 - Springfield 0
BOTTOM OF THE 3RD
Springfield Shooters batting - Pitching for Casper Ghosts : RHP Rhys Maskell
Batting: LHB Henk van Aardschot 0-0: Ball
1-0: Foul Ball, location: 2F
1-1: Foul Ball, location: 2F
1-2: Ball
2-2: SINGLE (Groundball, 5D)
Batting: RHB Lev Migranov 0-0: Ball
1-0: Swinging Strike
1-1: Ground out 4-3 (Groundball, 4S)
Henk van Aardschot to second
Batting: LHB Jared Swanson 0-0: Ball
1-0: Ball
2-0: Ball
3-0: Foul Ball, location: 2F
3-1: Foul Ball, location: 2F
3-2: Base on Balls
Batting: RHB Karl Wade 0-0: Foul Ball, location: 2F
0-1: Ball
1-1: Ball
2-1: Foul Ball, location: 2F
2-2: Strikes out looking
Batting: RHB Fook Zhào 0-0: Called Strike
0-1: Ball
1-1: Ball
2-1: Ball
3-1: Swinging Strike
3-2: Base on Balls
Henk van Aardschot to third
Jared Swanson to second
Batting: RHB Sébastien Bernard 0-0: Foul Ball, location: 2F
0-1: Fly out, F7 (Flyball, 7LM)
Bottom of the 3rd over - 0 runs, 1 hit, 0 errors, 3 left on base; Casper 0 - Springfield 0
TOP OF THE 4TH
Casper Ghosts batting - Pitching for Springfield Shooters : LHP Georgy Gilyazitdinov
Batting: RHB Jur Prokop 0-0: Ball
1-0: Ball
2-0: Called Strike
2-1: Ball
3-1: Ground out 4-3 (Groundball, 4)
Batting: RHB Jeff Mouton 0-0: Ball
1-0: Called Strike
1-1: Foul Ball, location: 2F
1-2: SINGLE (Groundball, 6MD)
Batting: LHB Marcus Shill 0-0: Ball
1-0: Ball
2-0: Foul Ball, location: 2F
2-1: Called Strike
2-2: DOUBLE (Line Drive, 8RXD)
Jeff Mouton to third
Batting: LHB Badry Maksimenov 0-0: Ball
1-0: Ball
2-0: Ball
3-0: Called Strike
3-1: Ground out U3 (Groundball, 3)
Batting: RHB Adrijan Markovski 0-0: Ball
1-0: Foul Ball, location: 2F
1-1: Called Strike
1-2: Strikes out looking
Top of the 4th over - 0 runs, 2 hits, 0 errors, 2 left on base; Casper 0 - Springfield 0
BOTTOM OF THE 4TH
Springfield Shooters batting - Pitching for Casper Ghosts : RHP Rhys Maskell
Batting: RHB Mei Kim 0-0: Swinging Strike
0-1: Foul Ball, location: 2F
0-2: Foul Ball, location: 2F
0-2: Strikes out looking
Batting: RHB Fletcher Megarity 0-0: Called Strike
0-1: Ball
1-1: Swinging Strike
1-2: Ball
2-2: Strikes out swinging
Batting: RHB Nestor Tantoco 0-0: Called Strike
0-1: Ground out 5-3 (Groundball, 56S)
Bottom of the 4th over - 0 runs, 0 hits, 0 errors, 0 left on base; Casper 0 - Springfield 0
TOP OF THE 5TH
Casper Ghosts batting - Pitching for Springfield Shooters : LHP Georgy Gilyazitdinov
Batting: RHB José Reyes 0-0: Ball
1-0: Ball
2-0: Swinging Strike
2-1: Swinging Strike
2-2: Ball
3-2: Strikes out swinging
Batting: RHB Tatsui Kiyomizu 0-0: Foul Ball, location: 2F
0-1: SINGLE (Line Drive, 89S)
Batting: RHB Armando Pacheco 0-0: Ball
1-0: Ball
2-0: Called Strike
2-1: Called Strike
2-2: Foul Ball, location: 2F
2-2: SINGLE (Line Drive, 6D)
Tatsui Kiyomizu to second
Batting: RHB Steve Weber 0-0: Ground out U3 (Groundball, 34S)
Tatsui Kiyomizu to third
Armando Pacheco to second
Batting: RHB Jur Prokop 0-0: Called Strike
0-1: Ball
1-1: SINGLE (Line Drive, 4MD)
Tatsui Kiyomizu scores
Armando Pacheco to third
Runner from 3rd tries for Home, SAFE, no throw
Batting: RHB Jeff Mouton 0-0: Called Strike
0-1: Ball
1-1: Ball
2-1: Ball
3-1: Foul Ball, location: 2F
3-2: Foul Ball, location: 2F
3-2: Ground out 4-3 (Groundball, 34)
Top of the 5th over - 2 runs, 3 hits, 0 errors, 1 left on base; Casper 2 - Springfield 0
BOTTOM OF THE 5TH
Springfield Shooters batting - Pitching for Casper Ghosts : RHP Rhys Maskell
Batting: LHB Henk van Aardschot 0-0: Ball
1-0: Foul Ball, location: 2F
1-1: Called Strike
1-2: Ball
2-2: Ball
3-2: Foul Ball, location: 2F
3-2: Strikes out swinging
Batting: RHB Lev Migranov 0-0: Ball
1-0: DOUBLE (Line Drive, 78XD)
Batting: LHB Jared Swanson 0-0: Ball
1-0: Ball
2-0: Called Strike
2-1: Ball
3-1: Swinging Strike
3-2: Ground out 6-3 (Groundball, 6MS)
Lev Migranov to third
Pitching: RHP John Castle
Batting: RHB Karl Wade 0-0: Ball
1-0: Ball
2-0: Called Strike
2-1: Ball
3-1: Base on Balls
Batting: RHB Fook Zhào 0-0: Called Strike
0-1: Swinging Strike
0-2: Fly out, F9 (Flyball, 89S)
Bottom of the 5th over - 0 runs, 1 hit, 0 errors, 2 left on base; Casper 2 - Springfield 0
TOP OF THE 6TH
Casper Ghosts batting - Pitching for Springfield Shooters : LHP Georgy Gilyazitdinov
Pitching: LHP Jian-gun Fei
Batting: LHB Marcus Shill 0-0: Called Strike
0-1: Ball
1-1: Fly out, F9 (Flyball, 9S)
Batting: LHB Badry Maksimenov 0-0: Called Strike
0-1: Called Strike
0-2: Ball
1-2: Ball
2-2: Strikes out swinging
Batting: RHB Adrijan Markovski 0-0: Ball
1-0: Fly out, F7 (Flyball, 7D)
Top of the 6th over - 0 runs, 0 hits, 0 errors, 0 left on base; Casper 2 - Springfield 0
BOTTOM OF THE 6TH
Springfield Shooters batting - Pitching for Casper Ghosts : RHP John Castle
Batting: RHB Sébastien Bernard 0-0: Fly out, F6 (Popup, 6)
Batting: RHB Mei Kim 0-0: Foul Ball, location: 2F
0-1: Foul Ball, location: 2F
0-2: Hit by Pitch
Batting: RHB Fletcher Megarity 0-0: Ball
1-0: Called Strike
1-1: Ball
2-1: 2-RUN HOME RUN (Flyball, 7LD), Distance : 351 ft
Pitching: RHP James Davis
Batting: RHB Nestor Tantoco 0-0: Ball
1-0: Ball
2-0: Foul Ball, location: 2F
2-1: Ball
3-1: SINGLE (Line Drive, 89S)
Batting: LHB Henk van Aardschot 0-0: SINGLE (Line Drive, 34)
Nestor Tantoco to second
Batting: RHB Lev Migranov 0-0: Ball
1-0: Foul Ball, location: 2F
1-1: Ball
2-1: Ball
3-1: Fielders Choice at 2nd, 3-6 (Groundball, 34)
Nestor Tantoco to third
Batting: LHB Jared Swanson 0-0: Foul Ball, location: 2F
0-1: Ball
1-1: Ball
2-1: Swinging Strike
2-2: Foul Ball, location: 2F
2-2: Ball
3-2: Foul Ball, location: 2F
3-2: Strikes out swinging
Bottom of the 6th over - 2 runs, 3 hits, 0 errors, 2 left on base; Casper 2 - Springfield 2
TOP OF THE 7TH
Casper Ghosts batting - Pitching for Springfield Shooters : LHP Jian-gun Fei
Batting: RHB José Reyes 0-0: Ball
1-0: Ball
2-0: Foul Ball, location: 2F
2-1: Foul Ball, location: 2F
2-2: Foul Ball, location: 2F
2-2: Ball
3-2: Base on Balls
Batting: RHB Tatsui Kiyomizu 0-0: Ball
1-0: Ball
2-0: Called Strike
2-1: Sac Bunt - play at first, batter OUT! 1-3
José Reyes to second
Batting: RHB Armando Pacheco 0-0: Called Strike
0-1: Ball
1-1: Swinging Strike
1-2: Ball
2-2: Ball
3-2: Base on Balls
Batting: RHB Steve Weber 0-0: Called Strike
0-1: Called Strike
0-2: Strikes out looking
Batting: RHB Jur Prokop 0-0: Ball
1-0: Fly out, F9 (Flyball, 9D)
Top of the 7th over - 0 runs, 0 hits, 0 errors, 2 left on base; Casper 2 - Springfield 2
BOTTOM OF THE 7TH
Springfield Shooters batting - Pitching for Casper Ghosts : RHP James Davis
Batting: RHB Karl Wade 0-0: DOUBLE (Line Drive, 7LD)
Batting: RHB Fook Zhào 0-0: Intentional Walk
Batting: RHB Sébastien Bernard 0-0: Ball
1-0: Bunted foul
1-1: Sac Bunt - play at first, batter OUT! 3-4
Karl Wade to third
Fook Zhào to second
Batting: RHB Mei Kim 0-0: Fly out, F9 (Flyball, 9S)
Batting: RHB Fletcher Megarity 0-0: Called Strike
0-1: Swinging Strike
0-2: Ball
1-2: Fly out, F8 (Flyball, 8RM)
Bottom of the 7th over - 0 runs, 1 hit, 0 errors, 2 left on base; Casper 2 - Springfield 2
TOP OF THE 8TH
Casper Ghosts batting - Pitching for Springfield Shooters : LHP Jian-gun Fei
Batting: RHB Jeff Mouton 0-0: Ball
1-0: Swinging Strike
1-1: SINGLE (Line Drive, 6MD)
Batting: LHB Marcus Shill 0-0: Ground out 6-3 (Groundball, 6MD)
Jeff Mouton to second
Batting: LHB Badry Maksimenov 0-0: Ball
1-0: Ball
2-0: Called Strike
2-1: SINGLE (Groundball, 4D)
Jeff Mouton to third
Runner from 3rd tries for Home, SAFE, no throw
Batting: RHB Adrijan Markovski 0-0: Called Strike
0-1: 2-RUN HOME RUN (Flyball, 7D), Distance : 382 ft
Pitching: RHP Ron Mingo
Batting: RHB José Reyes 0-0: Ball
1-0: Ground out 6-3 (Groundball, 6)
Batting: RHB Tatsui Kiyomizu 0-0: Ball
1-0: Called Strike
1-1: Foul Ball, location: 2F
1-2: Ball
2-2: Strikes out swinging
Top of the 8th over - 3 runs, 3 hits, 0 errors, 0 left on base; Casper 5 - Springfield 2
BOTTOM OF THE 8TH
Springfield Shooters batting - Pitching for Casper Ghosts : RHP James Davis
Batting: RHB Nestor Tantoco 0-0: Ball
1-0: Called Strike
1-1: Called Strike
1-2: Ground out 6-3 (Groundball, 6S)
Batting: LHB Henk van Aardschot 0-0: Called Strike
0-1: Ball
1-1: Swinging Strike
1-2: Fly out, F8 (Flyball, 89D)
Batting: RHB Lev Migranov 0-0: Ball
1-0: Swinging Strike
1-1: Ball
2-1: Foul Ball, location: 2F
2-2: Foul Ball, location: 2F
2-2: Strikes out looking
Bottom of the 8th over - 0 runs, 0 hits, 0 errors, 0 left on base; Casper 5 - Springfield 2
TOP OF THE 9TH
Casper Ghosts batting - Pitching for Springfield Shooters : RHP Ron Mingo
Batting: RHB Armando Pacheco 0-0: Ball
1-0: Ball
2-0: Ball
3-0: Base on Balls
Batting: RHB Steve Weber 0-0: Bunted foul
0-1: Sac Bunt - play at first, batter OUT! 5-4
Armando Pacheco to second
Batting: RHB Jur Prokop 0-0: Ball
1-0: Ball
2-0: Swinging Strike
Passed Ball!
Armando Pacheco to third
2-1: Fly out, F9 (Flyball, 9S)
Runner from 3rd tags up, SCORES, throw made
Batting: RHB Jeff Mouton 0-0: Ball
1-0: Ball
2-0: Fly out, F7 (Flyball, 7LS)
Top of the 9th over - 1 run, 0 hits, 0 errors, 0 left on base; Casper 6 - Springfield 2
BOTTOM OF THE 9TH
Springfield Shooters batting - Pitching for Casper Ghosts : RHP James Davis
Batting: LHB Jared Swanson 0-0: Ball
1-0: Ground out 6-3 (Groundball, 6)
Batting: RHB Karl Wade 0-0: Ball
1-0: Foul Ball, location: 2F
1-1: Ground out 5-3 (Groundball, 56S)
Batting: RHB Fook Zhào 0-0: Called Strike
0-1: Called Strike
0-2: Ball
1-2: Foul Ball, location: 2F
1-2: Ball
2-2: SINGLE (Flyball, 89M)
Batting: RHB Sébastien Bernard 0-0: Fly out, F7 (Flyball, 78M)
Bottom of the 9th over - 0 runs, 1 hit, 0 errors, 1 left on base; Casper 6 - Springfield 2
Friday, March 29th, 2019 - OOTP Baseball 18.8 Build 76